 Dungeon Crawl Stone Soup version 0.21.1-1-g345015f (webtiles) character file.

47 inc the Vexing (level 3, 14/14 HPs)
             Began as a Felid Enchanter on Feb 22, 2018.
             Quit the game on level 4 of the Dungeon.
             The game lasted 00:05:32 (2471 turns).

inc the Vexing (Felid Enchanter)                    Turns: 2471, Time: 00:05:33

Health: 14/14      AC:  1    Str:  4    XL:     3   Next: 48%
Magic:  7/7        EV: 18    Int: 17    God:
Gold:   75         SH:  0    Dex: 16    Spells: 3/6 levels left
                                        Lives:  0   Deaths: 1

rFire    . . .     SeeInvis +     - Unarmed
rCold    + . .     Gourm    .   (shield unavailable)
rNeg     . . .     Faith    .   (armour unavailable)
rPois    .         Spirit   .   (helmet unavailable)
rElec    .         Reflect  .   (cloak unavailable)
rCorr    .         Harm     .   (gloves unavailable)
MR       .....                  (boots unavailable)
Stlth    +++.......             (no amulet)
HPRegen  0.04/turn              i - ring of protection from cold
MPRegen  0.10/turn              (no ring)

@: quick
A: very small, no armour, no weapons or thrown items, stealth, claws 1, fangs 3,
see invisible, carnivore, speed 1, shaggy fur 1, slow metabolism 1, sharp paws
a: no special abilities


You were on level 4 of the Dungeon.
You were not hungry.

You visited 1 branch of the dungeon, and saw 4 of its levels.

You collected 75 gold pieces.

Inventory:

Jewellery
 i - a ring of protection from cold (left paw)
 j - an uncursed amulet of harm
Scrolls
 c - a scroll of remove curse {unknown}
 d - a scroll of immolation {unknown}
 e - 5 scrolls of identify {unknown}
 g - a scroll of amnesia {unknown}
 h - a scroll of noise {unknown}
Potions
 f - a potion of degeneration {unknown}
 k - a potion of flight {unknown}
 l - a potion of heal wounds {unknown}
Books
 a - a book of Maledictions

   Spells                             Type                      Level
   a - Corona                         Hexes                        1
   b - Ensorcelled Hibernation        Hexes/Ice                    2
   c - Confuse                        Hexes                        3
   d - Tukima's Dance                 Hexes                        3
   e - Dazzling Spray                 Conjuration/Hexes            3
Comestibles
 b - 3 rations


   Skills:
 - Level 2.6 Dodging
 - Level 4.0 Stealth
 - Level 4.3 Unarmed Combat
 - Level 2.0 Spellcasting
 + Level 4.4 Hexes
 * Level 0.2 Ice Magic


You had 3 spell levels left.
You knew the following spells:

 Your Spells              Type           Power        Failure   Level  Hunger
a - Corona                Hex            ###....      3%          1    #......
b - Ensorcelled Hibernat  Hex/Ice        #.....       11%         2    ###....


Dungeon Overview and Level Annotations

Branches:
Dungeon (4/15)
 Temple: D:4-7

Altars:
Yredelemnul

Annotations:
D:4 Pikel


Innate Abilities, Weirdness & Mutations

You cannot wear armour.
You are incapable of wielding weapons or throwing items.
Your paws allow you to move quietly. (Stealth)
You have sharp claws.
You have razor-sharp teeth.
You have supernaturally acute eyesight. (SInv)
You are carnivorous and can eat meat at any time.
You cover ground quickly.
You are covered in fur. (AC +1)
You have a slow metabolism.
Your sharp claws are effective at attacking unaware monsters.


Message History

You don't have enough magic to cast that spell.
The worker ant waves its antennae.
There is a stone staircase leading down here.
Casting: Ensorcelled Hibernation
Confirm with . or Enter, or press ? or * to list all spells.
Aiming: Ensorcelled Hibernation
Press: ? - help, Shift-Dir - straight line, f - worker ant
Aim: a worker ant (moderately wounded, chance to defeat MR: 46%)
The worker ant looks drowsy...
The helpless worker ant fails to defend itself.
You claw the worker ant!
The worker ant is almost dead.
The worker ant bites you.
You die...
You are lethally poisoned!
The worker ant poisons you!
You are now level 3!
You rejoin the land of the living...
Found a scroll labeled KUSANLERANK.
Are you sure you want to abandon this character and quit the game? (Confirm with "yes".)

###.# ...# ...#
##
#..#######.o.#.
###....p.<...o.o.
.....[.......o..
#..######......
#.@# .o.#.. #..#
..# . ..?.# ..#
###... .# #### #.


There were no monsters in sight!

Vanquished Creatures
  6 adders (D:2)
  An ooze (D:1)
  A worm (D:2)
  A dart slug (D:2)
  A leopard gecko (D:1)
  An orc (D:2)
  4 giant cockroaches
  A goblin (D:2)
  3 hobgoblins
  6 kobolds
  A ball python (D:2)
  3 bats
  6 frilled lizards
  6 rats
41 creatures vanquished.

Notes
Turn   | Place    | Note
-------+----------+-------------------------------------------
     0 | D:1      | inc the Felid Enchanter began the quest for the Orb.
     0 | D:1      | Reached XP level 1. HP: 7/7 MP: 4/4
   306 | D:1      | Reached XP level 2. HP: 11/11 MP: 6/6
   839 | D:2      | Learned a level 2 spell: Ensorcelled Hibernation
   859 | D:2      | Reached XP level 3. HP: 14/14 MP: 7/7
  1968 | D:2      | Found a basalt altar of Yredelemnul.
  1992 | D:2      | Reached XP level 4. HP: 18/18 MP: 8/8
  2378 | D:4      | Noticed Pikel
  2378 | D:4      | Noticed a slave
  2378 | D:4      | Noticed a slave
  2378 | D:4      | Noticed a slave
  2470 | D:4      | Slain by a worker ant
  2471 | D:4      | Reached XP level 3. HP: -3/14 MP: 1/7
  2471 | D:4      | Quit the game

Skill      XL: |  1  2  3 |
---------------+----------+-----
Unarmed Combat | 2 3 4 |  4.3
Dodging        | |  2.6
Stealth        | |  4.0
Spellcasting   | |  2.0
Hexes          | |  4.4
Ice Magic      | |  0.2

Action                   |  1- 3 |  4- 6 || total
-------------------------+-------+-------++-------
Melee: Unarmed           |    70 |    26 ||    96
       Bite              |     4 |     1 ||     5
       Punch             |     2 |     1 ||     3
 Cast: Corona            |    12 |       ||    12
       Ensorcelled Hiber |    15 |    10 ||    25
  Use: Potion            |     1 |       ||     1
 Stab: Sleeping          |    20 |     5 ||    25
  Eat: Chunk             |     7 |     2 ||     9
Armor: Skin              |     3 |     3 ||     6
Dodge: Dodged            |    56 |    29 ||    85
